[Event "*** SCC Grand Prix: Titled Tuesday Blitz"]
[Site "Chess.com"]
[Date "2020.08.25"]
[Round "6"]
[White "AndrewMaco"]
[Black "Iskusnyh"]
[Result "0-1"]
[WhiteElo "2714"]
[BlackElo "2584"]
[TimeControl "180+1"]
[EndTime "11:05:32 PDT"]
[Termination "Iskusnyh won by resignation"]

1. e4 e6 2. d4 d5 3. Nc3 Nf6 4.
e5 Nfd7 5. f4 c5 6. Nf3 Nc6 7.
Be3 Rb8 8. Qd2 Qa5 9. Nb5 Qxd2+ 10. Kxd2 a6 11. Nc3 b5 12. dxc5 Nxc5 13. Rd1 b4 14.
Ne2 a5 15. Ned4 Nxd4 16. Nxd4 Bd7 17. Bd3 Be7 18. g4 O-O 19. f5 Rfc8 20. Rhf1 Nxd3 21.
cxd3 a4 22. Rc1 b3 23. Rxc8+ Rxc8 24. axb3 Bb4+ 25. Ke2 axb3 26. Ra1 Bc5 27. Ra7 Bxa7 0-1

[Event "*** SCC Grand Prix: Titled Tuesday Blitz"]
[Site "Chess.com"]
[Date "2020.08.25"]
[Round "6"]
[White "labdalla"]
[Black "ShadowJolteon"]
[Result "1-0"]
[WhiteElo "2253"]
[BlackElo "2431"]
[TimeControl "180+1"]
[EndTime "11:05:35 PDT"]
[Termination "labdalla won by resignation"]

1. d4 d5 2. c4 c6 3. Nf3 Nf6 4. e3 Bf5 5. Nc3 e6 6. Nh4 Bg6 7. Nxg6 hxg6 8. g3 Qc7 9. Bg2 Nbd7 10. O-O g5 11. e4 dxe4 12. Nxe4 Nxe4 13. Bxe4 Nf6 14.
Bg2 g4 15. Re1 O-O-O 16. Qa4 Kb8 17. Be3 c5 18. Rad1 cxd4 19. Bxd4 Rxd4 20. Rxd4 Bc5 21.
Rd2 Nh7 22. Rd7 Qc8 23. Rxb7+ 1-0

[Event "*** SCC Grand Prix: Titled Tuesday Blitz"]
[Site "Chess.com"]
[Date "2020.08.25"]
[Round "6"]
[White "MFBerna"]
[Black "abfchess"]
[Result "1-0"]
[WhiteElo "2446"]
[BlackElo "2161"]
[TimeControl "180+1"]
[EndTime "11:05:41 PDT"]
[Termination "MFBerna won by resignation"]

1. d4 d5 2. Nc3 c6 3. Bf4 Bf5 4. e3 Nf6 5. Bd3 Bxd3 6. Qxd3 e6 7. Nf3 Bd6 8. O-O Bxf4 9. exf4 O-O 10. Rfe1 Qd6 11.
g3 Na6 12. a3 Nc7 13. Kg2 c5 14. Ne5 cxd4 15. Qxd4 Rac8 16. Rad1 Na6 17. Qxa7 Nc5 18. Qa5 b6 19. Qb4 Qb8 20. Qd4 Nce4 21. Nxe4 dxe4 22. c4 Rfd8 23. Qe3 Qb7 24. Rd4 Rxd4 25. Qxd4 b5 26. cxb5 e3+ 27. f3 Rc2+ 28. Kh3 e2 29. Qd8+ 1-0

[Event "*** SCC Grand Prix: Titled Tuesday Blitz"]
[Site "Chess.com"]
[Date "2020.08.25"]
[Round "6"]
[White "Zq1"]
[Black "sergivila"]
[Result "1-0"]
[WhiteElo "2535"]
[BlackElo "2437"]
[TimeControl "180+1"]
[EndTime "11:05:44 PDT"]
[Termination "Zq1 won by resignation"]

1. Nf3 d5 2. c4 e6 3. g3 Nf6 4. Bg2 dxc4 5. O-O c5 6. Na3 Be7 7. Nxc4 O-O 8. b3 Nc6 9. Bb2 Qc7 10. Rc1 b6 11. d4 Rd8 12. Qc2 Bb7 13. dxc5 Bxc5 14.
Bxf6 gxf6 15. Qe4 Nd4 16. Qg4+ Kh8 17. Nxd4 Rxd4 18. Qh5 Bxg2 19. Kxg2 Qb7+ 20. Qf3 Qxf3+ 21. Kxf3 Rad8 22. e3 Rd3 23. Rc2 Kg7 24. Ke2 Kf8 25. Rfc1 Ke7 26. Nb2 R8d7 27. Nxd3 1-0

[Event "*** SCC Grand Prix: Titled Tuesday Blitz"]
[Site "Chess.com"]
[Date "2020.08.25"]
[Round "6"]
[White "hansen"]
[Black "Hikaru"]
[Result "1/2-1/2"]
[WhiteElo "2952"]
[BlackElo "3216"]
[TimeControl "180+1"]
[EndTime "11:05:52 PDT"]
[Termination "Game drawn by repetition"]

1. e4 e5 2. Nf3 Nc6 3. Bb5 Nf6 4. O-O Nxe4 5. Re1 Nd6 6. Nxe5 Be7 7. Bf1 Nxe5 8. Rxe5 O-O 9. d4 Ne8 10. c3 d5 11. Qf3 c6 12. Bf4 Bd6 13. Re3 Nf6 14.
Bxd6 Qxd6 15. Qg3 Qxg3 16. hxg3 Re8 17. Rxe8+ Nxe8 18. Nd2 Nd6 19. Bd3 f6 20. Re1 Kf7 21. f3 h5 22. Kf2 Bf5 23. Bxf5 Nxf5 24. Nf1 a5 25. Ne3 Nd6 26. a4 Rb8 27. Ra1 b5 28.
axb5 Rxb5 29. Ra2 g5 30. Ke2 f5 31. Kd3 f4 32. gxf4 gxf4 33. Nc2 Nc4 34. b4 Kf6 35. bxa5 Rxa5 36. Rxa5 Nxa5 37. Nb4 Kg5 38. Ke2 Kf5 39. Kf2 Kg5 40. Kg1 Kf6 41. Kh2 Kg6 42. Kh3 Kg5 43. Kh2 Kf5 44. Kh3 Kg5 45. Kh2 Kf5 46. Kh3 Kg5 1/2-1/2

[Event "*** SCC Grand Prix: Titled Tuesday Blitz"]
[Site "Chess.com"]
[Date "2020.08.25"]
[Round "6"]
[White "Reader777"]
[Black "eightbyeightchess"]
[Result "1-0"]
[WhiteElo "2672"]
[BlackElo "2438"]
[TimeControl "180+1"]
[EndTime "11:05:56 PDT"]
[Termination "Reader777 won by resignation"]

1. d4 d5 2. c4 c6 3. Nf3 Nf6 4. Nc3 dxc4 5. a4 Bf5 6. e3 e6 7. Bxc4 Nbd7 8. O-O Bb4 9. Qe2 Bg6 10. Rd1 O-O 11. Bd2 Nb6 12. Bd3 c5 13. Bxg6 hxg6 14.
Nb5 Bxd2 15. dxc5 Nbd5 16. Rxd2 Ne4 17. Rd4 f5 18. Nc3 Ndxc3 19. bxc3 Qa5 20. Qc4 Qxc3 21. Qxe6+ Kh8 22. Rad1 Qa5 23. Qxg6 Rf6 24. Qh5+ Rh6 25. Qxf5 Nf6 26. Ng5 Rf8 27. Rd8 1-0

[Event "*** SCC Grand Prix: Titled Tuesday Blitz"]
[Site "Chess.com"]
[Date "2020.08.25"]
[Round "6"]
[White "anon481216"]
[Black "Fortitudine"]
[Result "1-0"]
[WhiteElo "2434"]
[BlackElo "2237"]
[TimeControl "180+1"]
[EndTime "11:05:58 PDT"]
[Termination "anon481216 won on time"]

1. d4 Nf6 2. c4 c5 3. d5 b5 4. cxb5 a6 5. bxa6 g6 6. Nc3 Bg7 7. e4 O-O 8. e5 Ne8 9. Nf3 Nc7 10.
h4 d6 11. Bf4 Nd7 12. exd6 exd6 13. Bxd6 Re8+ 14. Be2 Bxa6 15. O-O Bxe2 16. Nxe2 Nxd5 17. Qxd5 1-0

[Event "*** SCC Grand Prix: Titled Tuesday Blitz"]
[Site "Chess.com"]
[Date "2020.08.25"]
[Round "6"]
[White "salimalamri2020"]
[Black "Shushik"]
[Result "0-1"]
[WhiteElo "2035"]
[BlackElo "2255"]
[TimeControl "180+1"]
[EndTime "11:05:58 PDT"]
[Termination "Shushik won by resignation"]

1. e4 e5 2. Nf3 Nc6 3. Bc4 Bc5 4. b4 Bxb4 5. c3 Ba5 6. d4 d6 7. O-O Bg4 8. h3 Bxf3 9. Qxf3 Qf6 10. Qg4 exd4 11. Bb5 Ne7 12. Bg5 Qg6 13. f4 h6 14. Qh4 a6 15. Be2 Bb6 16. Nd2 dxc3+ 17. Kh1 cxd2 0-1

[Event "*** SCC Grand Prix: Titled Tuesday Blitz"]
[Site "Chess.com"]
[Date "2020.08.25"]
[Round "6"]
[White "Sesleria"]
[Black "FMOlexandrProhorov"]
[Result "1-0"]
[WhiteElo "2063"]
[BlackElo "2153"]
[TimeControl "180+1"]
[EndTime "11:05:58 PDT"]
[Termination "Sesleria won by resignation"]

1. e4 c5 2. Nf3 e6 3. d4 cxd4 4. Nxd4 Qb6 5. Nc3 Bc5 6. Be3 Nf6 7. Ndb5 Bxe3 8. fxe3 O-O 9. Qd4 Qa5 10. b4 Qd8 11. Nd6 Nc6 12. Qc4 Qe7 13. Rd1 Ng4 14. Be2 Nge5 15. Qb3 a5 16. b5 a4 17. Nxa4 Na5 18.
Qc3 Nac4 19. Nxc4 Rxa4 1-0

[Event "*** SCC Grand Prix: Titled Tuesday Blitz"]
[Site "Chess.com"]
[Date "2020.08.25"]
[Round "6"]
[White "AGW2016"]
[Black "Evandro_Barbosa"]
[Result "0-1"]
[WhiteElo "2356"]
[BlackElo "2555"]
[TimeControl "180+1"]
[EndTime "11:06:03 PDT"]
[Termination "Evandro_Barbosa won by resignation"]

1. d4 Nf6 2. c4 e6 3. g3 c5 4. d5 exd5 5. cxd5 d6 6. Nc3 g6 7. Nf3 Bg7 8. Bg2 O-O 9. O-O a6 10.
a4 Nbd7 11. Bf4 Qe7 12. Re1 h6 13. e4 Ng4 14. h3 Nge5 15. Nxe5 Nxe5 16. Rb1 Bd7 17.
a5 c4 18. Bf1 Rac8 19. Bxe5 Qxe5 20. f4 Qd4+ 21. Qxd4 Bxd4+ 22. Kg2 Rfe8 23. Rbd1 Bg7 24. Re3 Rc5 25. Rde1 Rxa5 26. Bxc4 Rc5 27. Bf1 b5 28. e5 f5 29. exd6 Rxe3 30. Rxe3 Bf8 31. Re7 Bxe7 32. dxe7 Kf7 33. d6 Rc6 0-1

[Event "*** SCC Grand Prix: Titled Tuesday Blitz"]
[Site "Chess.com"]
[Date "2020.08.25"]
[Round "6"]
[White "skiff134"]
[Black "ChristopherYoo"]
[Result "1-0"]
[WhiteElo "2692"]
[BlackElo "2820"]
[TimeControl "180+1"]
[EndTime "11:06:04 PDT"]
[Termination "skiff134 won on time"]

1. d4 Nf6 2. c4 g6 3. Nc3 d5 4.
Bf4 Bg7 5. Nf3 O-O 6. Rc1 dxc4 7.
e4 c5 8. dxc5 Qa5 9. e5 Rd8 10.
Bd2 Ng4 11. Bxc4 Qxc5 12. Ne4 Qb6 13. Bxf7+ Kxf7 14. Nfg5+ Kg8 15. Rxc8 Rxc8 16. Qxg4 Rd8 17. Nd6 Rxd6 18. exd6 Qxd6 19. Qc4+ e6 20. Nxe6 Qe5+ 21. Be3 Qa5+ 22. b4 Qa6 23. b5 Qa5+ 24. Bd2 1-0

[Event "*** SCC Grand Prix: Titled Tuesday Blitz"]
[Site "Chess.com"]
[Date "2020.08.25"]
[Round "6"]
[White "BikingBrian"]
[Black "RU_B9"]
[Result "1/2-1/2"]
[WhiteElo "2261"]
[BlackElo "1844"]
[TimeControl "180+1"]
[EndTime "11:06:05 PDT"]
[Termination "Game drawn by agreement"]

1. d4 Nf6 2. Bg5 d5 3. Nd2 Nbd7 4. e3 h6 5. Bh4 e5 6. dxe5 Nxe5 7. Ngf3 Ng6 8. Bg3 Bf5 9. c3 c6 10. h3 Ne4 11. Nxe4 Bxe4 12. Bd3 Bxd3 13. Qxd3 Bd6 14.
Bxd6 Qxd6 15. O-O Rd8 16. Rad1 O-O 17. e4 Ne5 18. Nxe5 Qxe5 19. exd5 Rxd5 20. Qf3 Rfd8 21. Rxd5 Rxd5 22. Rd1 Rxd1+ 23. Qxd1 g6 24. g3 h5 25. h4 Kg7 26. Qd7 Qe1+ 27. Kg2 Qe4+ 28. Kg1 Qb1+ 29. Kg2 Qe4+ 30. Kh2 Qe2 31. Qd4+ Kg8 32. c4 Qg4 33. Qxa7 Qxc4 34. Qxb7 Qxa2 35. Qxc6 Qxb2 1/2-1/2

[Event "*** SCC Grand Prix: Titled Tuesday Blitz"]
[Site "Chess.com"]
[Date "2020.08.25"]
[Round "6"]
[White "maurito96"]
[Black "Azoulas1"]
[Result "0-1"]
[WhiteElo "2119"]
[BlackElo "1964"]
[TimeControl "180+1"]
[EndTime "11:06:09 PDT"]
[Termination "Azoulas1 won by resignation"]

1. d4 e6 2. c4 Nf6 3. Nc3 Bb4 4. Bd2 d5 5. cxd5 exd5 6. a3 Bd6 7. g3 c6 8. Bg2 Bf5 9. e3 O-O 10. Nf3 Nbd7 11. O-O Re8 12. Rc1 Ne4 13. Nh4 Nxc3 14. Bxc3 Be4 15. f3 Bg6 16. Nxg6 hxg6 17. Qd3 Qe7 18. e4 dxe4 19. fxe4 c5 20. d5 Ne5 21. Qe2 b6 22. Rf2 f6 23. Kh1 Rad8 24. Bh3 Qb7 25.
Be6+ Kf8 26. Qe3 a6 27. Bxe5 Bxe5 28. Qg5 Rxe6 29. dxe6 Qxe4+ 30. Kg1 Bd4 31. Rf1 0-1

[Event "*** SCC Grand Prix: Titled Tuesday Blitz"]
[Site "Chess.com"]
[Date "2020.08.25"]
[Round "6"]
[White "ShimanovAlex"]
[Black "Chess_Boxer123"]
[Result "1-0"]
[WhiteElo "2771"]
[BlackElo "2541"]
[TimeControl "180+1"]
[EndTime "11:06:15 PDT"]
[Termination "ShimanovAlex won by resignation"]

1. e4 c6 2. Nf3 d5 3. d3 dxe4 4.
dxe4 Qxd1+ 5. Kxd1 Nf6 6. Nbd2 Bg4 7. Be2 Nbd7 8. Ne1 Bxe2+ 9. Kxe2 e5 10. Nd3 Bd6 11. f3 Ke7 12. a4 a5 13. Nc4 Bc7 14.
Bd2 b6 15. b4 axb4 16. Nxb4 c5 17. Nd3 Ne8 18. Rhb1 Nd6 19. Ne3 Nf6 20. Bc3 Ra6 21. Bxe5 Ke6 22. Bg3 Nde8 23. Nc4 Kd7 24. a5 bxa5 1-0

[Event "*** SCC Grand Prix: Titled Tuesday Blitz"]
[Site "Chess.com"]
[Date "2020.08.25"]
[Round "6"]
[White "ajdemipopushi"]
[Black "JozefKneht"]
[Result "0-1"]
[WhiteElo "2290"]
[BlackElo "2447"]
[TimeControl "180+1"]
[EndTime "11:06:22 PDT"]
[Termination "JozefKneht won on time"]

1. Nf3 d5 2. g3 Nf6 3. c4 e6 4. Bg2 dxc4 5. Na3 Bxa3 6. Qa4+ b5 7. Qxa3 Bb7 8. b3 cxb3 9. axb3 Nbd7 10. O-O c5 11. d4 cxd4 12. Nxd4 Bxg2 13. Kxg2 Qb6 14. Rd1 a5 15. Nf3 b4 16. Qa4 Qb7 17. Be3 O-O 18.
Rac1 Nd5 19. Bd4 N7f6 20. h3 Ne4 21. Qc6 Rfb8 22. Qxb7 Rxb7 23. Ne5 f6 0-1

[Event "*** SCC Grand Prix: Titled Tuesday Blitz"]
[Site "Chess.com"]
[Date "2020.08.25"]
[Round "6"]
[White "PSvidler"]
[Black "GregShahade"]
[Result "1-0"]
[WhiteElo "2953"]
[BlackElo "2673"]
[TimeControl "180+1"]
[EndTime "11:06:26 PDT"]
[Termination "PSvidler won on time"]

1. c4 Nf6 2. g3 d5 3. cxd5 Nxd5 4. Bg2 g6 5. Nc3 Nxc3 6. bxc3 Bg7 7. Rb1 c5 8. Qa4+ Nc6 9. Ba3 O-O 10. Bxc5 Bd7 11. Rxb7 Rb8 12. Rxb8 Qxb8 13. Nf3 Nd4 14. Qd1 Ba4 15.
Qc1 Nc2+ 16. Kf1 Rc8 17. Be3 Bxc3 18. dxc3 Rxc3 19. Qd2 Qb1+ 20. Ne1 Nxe3+ 21. fxe3 Rc1 22. Kf2 Rd1 23. Qc3 Qf5+ 24. Nf3 1-0

[Event "*** SCC Grand Prix: Titled Tuesday Blitz"]
[Site "Chess.com"]
[Date "2020.08.25"]
[Round "6"]
[White "PlotnikovPavel"]
[Black "Volodar_Murzin"]
[Result "1-0"]
[WhiteElo "2485"]
[BlackElo "2641"]
[TimeControl "180+1"]
[EndTime "11:06:26 PDT"]
[Termination "PlotnikovPavel won on time"]

1. e4 c5 2. c3 d6 3. d4 Nf6 4. Bd3 Nc6 5. Nf3 Bg4 6. Be3 Bxf3 7. Qxf3 Qb6 8. O-O cxd4 9. cxd4 Nxd4 10. Bxd4 Qxd4 11.
Nc3 a6 12. e5 Nd7 13. exd6 e6 14. Qxb7 Qa7 15. Qc6 Rb8 16. Nd5 1-0

[Event "*** SCC Grand Prix: Titled Tuesday Blitz"]
[Site "Chess.com"]
[Date "2020.08.25"]
[Round "6"]
[White "grandcoach"]
[Black "LubovMarkelova"]
[Result "1-0"]
[WhiteElo "2103"]
[BlackElo "2201"]
[TimeControl "180+1"]
[EndTime "11:06:26 PDT"]
[Termination "grandcoach won by checkmate"]

1. e4 e5 2. Nf3 Nc6 3. d4 exd4 4. c3 d5 5. exd5 Qxd5 6. cxd4 Nf6 7. Be2 Bb4+ 8. Nc3 O-O 9. O-O Bxc3 10. bxc3 Bf5 11. Bf4 Ne4 12. c4 Qd7 13. Rc1 Rad8 14. d5 Ne7 15. Ne5 Qc8 16. Bd3 f6 17. Ng4 Bxg4 18. f3 Nc5 19. fxg4 Nxd3 20. Qxd3 Qxg4 21. Bxc7 Rd7 22. Bg3 Ng6 23. c5 Rfd8 24.
d6 Ne5 25. Bxe5 fxe5 26. Qd5+ Kh8 27. Qxe5 h6 28. h3 Qb4 29. Rf4 Qd2 30. Rcf1 b6 31. Rf8+ Kh7 32. Qe4+ g6 33. R8f7+ Rxf7 34. Rxf7+ Kh8 35.
Qe5+ Kg8 36. Qg7# 1-0

[Event "*** SCC Grand Prix: Titled Tuesday Blitz"]
[Site "Chess.com"]
[Date "2020.08.25"]
[Round "6"]
[White "MarcoRiehle"]
[Black "Artyom_ChessMate"]
[Result "1-0"]
[WhiteElo "2734"]
[BlackElo "2573"]
[TimeControl "180+1"]
[EndTime "11:06:29 PDT"]
[Termination "MarcoRiehle won by resignation"]

1. e4 c5 2. a3 g6 3. h4 h5 4.
Nc3 Bg7 5. Bc4 Nc6 6. d3 Nf6 7.
Be3 d6 8. Nf3 Bg4 9. Qd2 O-O 10.
Ng5 Nd4 11. f3 Bd7 12. Bxd4 cxd4 13. Ne2 b5 14. Ba2 Rc8 15. Nf4 e6 16. g4 Qc7 17.
O-O-O hxg4 18. h5 gxh5 19. Nxh5 Nxh5 20. Rxh5 g3 21. Rdh1 b4 22. Bb3 bxa3 23. bxa3 Qc5 24. Qf4 Qxa3+ 25. Kd2 Qa5+ 26. Ke2 Qe5 27. Qh4 g2 28.
Rh8+ 1-0

[Event "*** SCC Grand Prix: Titled Tuesday Blitz"]
[Site "Chess.com"]
[Date "2020.08.25"]
[Round "6"]
[White "IMAghasiyevKamal"]
[Black "Shubinkirill2003"]
[Result "0-1"]
[WhiteElo "2428"]
[BlackElo "2641"]
[TimeControl "180+1"]
[EndTime "11:06:32 PDT"]
[Termination "Shubinkirill2003 won by resignation"]

1. d4 e6 2. c4 Nf6 3. Nc3 Bb4 4. e3 O-O 5. Ne2 d5 6. a3 Be7 7. cxd5 exd5 8. Nf4 c6 9. Bd3 Na6 10. O-O Nc7 11. f3 Ne6 12. Nxe6 Bxe6 13. Bc2 c5 14.
dxc5 Bxc5 15. Kh1 Rc8 16. Qd3 Qd7 17. b4 Bb6 18. Bb2 d4 19. Na4 Bc4 20. Nxb6 axb6 21. Qf5 Bxf1 22. Qxd7 Nxd7 23. Bf5 Bb5 24. Bxd4 g6 25.
Bh3 f5 26. a4 Bxa4 27. b5 Bxb5 0-1

[Event "*** SCC Grand Prix: Titled Tuesday Blitz"]
[Site "Chess.com"]
[Date "2020.08.25"]
[Round "6"]
[White "Poghosyan_Suren"]
[Black "Shivagami"]
[Result "1-0"]
[WhiteElo "2408"]
[BlackElo "2227"]
[TimeControl "180+1"]
[EndTime "11:06:32 PDT"]
[Termination "Poghosyan_Suren won by resignation"]

1. d4 Nf6 2. c4 c5 3. d5 e6 4. Nc3 exd5 5. cxd5 d6 6. e4 g6 7. f4 Bg7 8. Bb5+ Bd7 9. e5 dxe5 10. fxe5 Nh5 11.
Nf3 O-O 12. O-O Bxb5 13. Nxb5 Nd7 14. g4 Nxe5 15. gxh5 Ng4 16. h3 Nf6 17. h6 Bh8 18.
d6 Qb6 19. Nc3 Rad8 20. Bf4 Nh5 21. Nd5 1-0

[Event "*** SCC Grand Prix: Titled Tuesday Blitz"]
[Site "Chess.com"]
[Date "2020.08.25"]
[Round "6"]
[White "BigAl"]
[Black "Jungle_Jaguar"]
[Result "1-0"]
[WhiteElo "2480"]
[BlackElo "2625"]
[TimeControl "180+1"]
[EndTime "11:06:39 PDT"]
[Termination "BigAl won by resignation"]

1. e4 e5 2. Bc4 Nc6 3. d3 Nf6 4. Nf3 Bc5 5. c3 d6 6. Bb3 a6 7. Nbd2 Ba7 8. h3 O-O 9. Nf1 h6 10. g4 d5 11. Qe2 dxe4 12. dxe4 Nd7 13. Ng3 Nc5 14. Bc2 Be6 15. b4 Nd7 16. g5 b5 17. Bb3 a5 18. gxh6 Bxb3 19. hxg7 Bc4 20. gxf8=Q+ Qxf8 21. Qd2 Rd8 22. Nf5 Kh8 23. Qg5 Qg8 24.
Qh4+ Qh7 25. Bh6 axb4 26. Rg1 Nc5 27. Qf6+ 1-0

[Event "*** SCC Grand Prix: Titled Tuesday Blitz"]
[Site "Chess.com"]
[Date "2020.08.25"]
[Round "6"]
[White "StellarChessPro"]
[Black "giantslayer83"]
[Result "1-0"]
[WhiteElo "2501"]
[BlackElo "2697"]
[TimeControl "180+1"]
[EndTime "11:06:42 PDT"]
[Termination "StellarChessPro won by resignation"]

1. b3 e5 2. Bb2 Nc6 3. e3 Nf6 4. Bb5 Bd6 5. Na3 Na5 6. Nc4 Nxc4 7. Bxc4 c6 8. d4 e4 9. f3 Bb4+ 10. c3 Ba5 11. fxe4 Nxe4 12. Qh5 d5 13. Bd3 Nxc3 14. Nf3 Ne4+ 15. Ke2 Nf6 16. Qh4 O-O 17. Ne5 h6 18. Raf1 Ng4 19. Qg3 Nxe5 20. dxe5 Be6 21. Rf6 Bc7 22.
Rxh6 Re8 23. Rf1 Qd7 24. Rh8+ Kxh8 25. Qh4+ Kg8 26. Qh7+ Kf8 27. Ba3+ c5 28. Bxc5+ 1-0

[Event "*** SCC Grand Prix: Titled Tuesday Blitz"]
[Site "Chess.com"]
[Date "2020.08.25"]
[Round "6"]
[White "Dannyyi"]
[Black "MichailovM"]
[Result "1-0"]
[WhiteElo "2387"]
[BlackElo "2465"]
[TimeControl "180+1"]
[EndTime "11:06:44 PDT"]
[Termination "Dannyyi won by resignation"]

1. e4 c5 2. a3 e6 3. Nf3 d5 4. exd5 exd5 5. d4 Nc6 6. Bb5 Bd6 7. O-O Ne7 8. dxc5 Bxc5 9. b4 Bb6 10. Bb2 O-O 11.
Nbd2 Bg4 12. Bd3 f6 13. h3 Bf5 14. Bxf5 Nxf5 15. Nb3 d4 16. Qd3 Qd5 17. c4 Qd7 18. c5 Bc7 19. Nbxd4 Nfxd4 20. Nxd4 Kh8 21. Rad1 Rad8 22. Qc4 Ne5 23. Qe6 Qa4 24. Qb3 Qxb3 25. Nxb3 Nc4 26. Bc1 Be5 27. Nd2 Nb2 28. Bxb2 Bxb2 29.
Nc4 Bc3 30. Nd6 1-0

[Event "*** SCC Grand Prix: Titled Tuesday Blitz"]
[Site "Chess.com"]
[Date "2020.08.25"]
[Round "6"]
[White "Fighter008"]
[Black "varacalli"]
[Result "1-0"]
[WhiteElo "2681"]
[BlackElo "2402"]
[TimeControl "180+1"]
[EndTime "11:06:50 PDT"]
[Termination "Fighter008 won by resignation"]

1. e4 e5 2. Nf3 Nc6 3. Nc3 Nf6 4. Bb5 d6 5. d4 Bd7 6. Bg5 Be7 7. Bxc6 Bxc6 8. dxe5 dxe5 9. Nxe5 Bxe4 10. Qe2 Bf5 11. Rd1 Qc8 12. Bxf6 gxf6 13. Nd5 Be6 14. Nxe7 Kxe7 15.
Nd3 Kf8 16. O-O Rg8 17. Nf4 Qe8 18. Qh5 Rg7 19. Rfe1 Qc6 20. Qh6 Kg8 21. Qxf6 Re8 22.
Rd8 h5 23. Rxe8+ Kh7 24. R8xe6 1-0

[Event "*** SCC Grand Prix: Titled Tuesday Blitz"]
[Site "Chess.com"]
[Date "2020.08.25"]
[Round "6"]
[White "JoliyRoger"]
[Black "beto-betun"]
[Result "1-0"]
[WhiteElo "2372"]
[BlackElo "2110"]
[TimeControl "180+1"]
[EndTime "11:06:52 PDT"]
[Termination "JoliyRoger won on time"]

1. Nf3 Nf6 2. c4 g6 3. Nc3 Bg7 4. e4 d6 5. d4 O-O 6. h3 e5 7.
d5 a5 8. Bg5 Nbd7 9. Be2 h6 10.
Be3 b6 11. g4 Nc5 12. Nd2 Bd7 13. h4 Qc8 14. Rg1 Nh7 15. h5 g5 16. f3 Bf6 17. Kf2 Kg7 18. Qc2 Re8 19. Rgb1 Nf8 20. b3 Qd8 21. a3 Qe7 22. b4 Nb7 23. Nb3 Reb8 24. Ra2 Qd8 25. Qd2 Nh7 26. Rab2 a4 27. Nc1 Qe8 28. Nd3 Nf8 29. c5 bxc5 30. bxc5 dxc5 31. Rxb7 Rxb7 32. Rxb7 Qc8 33. Nxc5 Be7 34. Qb2 Bd6 35. Nd3 1-0

[Event "*** SCC Grand Prix: Titled Tuesday Blitz"]
[Site "Chess.com"]
[Date "2020.08.25"]
[Round "6"]
[White "Semen_Khanin"]
[Black "Onegust"]
[Result "1-0"]
[WhiteElo "2778"]
[BlackElo "2571"]
[TimeControl "180+1"]
[EndTime "11:06:53 PDT"]
[Termination "Semen_Khanin won by resignation"]

1. e4 c5 2. Nf3 d6 3. d4 cxd4 4. Nxd4 Nf6 5. Nc3 a6 6. f3 e5 7. Nb3 Be7 8. Be3 Be6 9. Qd2 h5 10. Nd5 Bxd5 11. exd5 Nbd7 12. Be2 O-O 13. c4 a5 14. Rc1 a4 15. Na1 Qc8 16. O-O Bd8 17.
Nc2 Bb6 18. Na3 Bxe3+ 19. Qxe3 Nc5 20. Nb5 Qd7 21. b4 axb3 22. axb3 Ra2 23. b4 Na6 24. Rb1 Rc8 25. Rfe1 Rc2 26. Qb3 Rxe2 27. Rxe2 Nxd5 28. Rd2 Ndxb4 29. Nxd6 Rc6 30. Rbd1 Qe6 31. Qe3 Kh8 32. Ne4 Qg6 33. Rd8+ Kh7 34. Ng5+ Qxg5 35. Qxg5 Rg6 1-0

[Event "*** SCC Grand Prix: Titled Tuesday Blitz"]
[Site "Chess.com"]
[Date "2020.08.25"]
[Round "6"]
[White "anskam"]
[Black "GMJustin"]
[Result "0-1"]
[WhiteElo "1641"]
[BlackElo "2239"]
[TimeControl "180+1"]
[EndTime "11:06:53 PDT"]
[Termination "GMJustin won by checkmate"]

1. e4 e5 2. Nf3 Nc6 3. Bb5 a6 4.
Ba4 Nf6 5. O-O Be7 6. Re1 b5 7.
Bb3 d6 8. c3 O-O 9. d4 Bg4 10.
d5 Na5 11. Bc2 c6 12. dxc6 Qc7 13. Nbd2 Qxc6 14. Nf1 Nc4 15. h3 Be6 16. Ng3 g6 17.
Bh6 Rfe8 18. Qc1 Rad8 19. Nh4 Kh8 20. Nf3 Ng8 21. Bg5 f6 22. Be3 d5 23. exd5 Bxd5 24. Bd1 Nxe3 25. Qxe3 Bc5 26. Qe2 Bc4 27. Qc2 Bd3 28.
Qc1 Qb6 29. Nh1 e4 30. Nh4 e3 31. fxe3 Bxe3+ 32. Rxe3 Rxe3 33. Kh2 Qd6+ 34. Kg1 Re1+ 35.
Kf2 Rf1+ 36. Ke3 Qf4# 0-1

[Event "*** SCC Grand Prix: Titled Tuesday Blitz"]
[Site "Chess.com"]
[Date "2020.08.25"]
[Round "6"]
[White "suyu28"]
[Black "Alexander_Moskalenko"]
[Result "0-1"]
[WhiteElo "2633"]
[BlackElo "2779"]
[TimeControl "180+1"]
[EndTime "11:06:57 PDT"]
[Termination "Alexander_Moskalenko won by resignation"]

1. d4 d5 2. c4 c6 3. Nf3 Nf6 4.
e3 Bf5 5. Nc3 e6 6. Bd3 Bxd3 7. Qxd3 Nbd7 8. O-O Bb4 9. Bd2 a5 10.
b3 O-O 11. a3 Be7 12. e4 Nc5 13. dxc5 dxe4 14. Qxd8 Rfxd8 15. Be3 exf3 16. gxf3 Nd7 17. Na4 Ne5 18. f4 Nf3+ 19. Kg2 Nh4+ 20. Kh3 Rd3 21. Rab1 Nf5 22. Rfe1 h5 23. Kg2 Kh7 24. Kf1 Rad8 25.
Ke2 Nxe3 26. fxe3 Rd2+ 27. Kf3 Rxh2 28. Rh1 Rxh1 29. Rxh1 Rd3 30. Rb1 h4 31. Ke2 Rd7 32. b4 axb4 33. axb4 g5 34. fxg5 Bxg5 35. Nc3 f5 36.
Rg1 Kg6 37. Nd1 Kf6 38. Nf2 Rd8 39. Nh3 Bh6 40. b5 Ra8 41. Kf3 Bxe3 42. Ra1 Rxa1 0-1

[Event "*** SCC Grand Prix: Titled Tuesday Blitz"]
[Site "Chess.com"]
[Date "2020.08.25"]
[Round "6"]
[White "Smascher17"]
[Black "ARTHURMOTIVATOR"]
[Result "0-1"]
[WhiteElo "2421"]
[BlackElo "2276"]
[TimeControl "180+1"]
[EndTime "11:06:59 PDT"]
[Termination "ARTHURMOTIVATOR won by resignation"]

1. e4 c6 2. d4 d5 3. exd5 cxd5 4. c4 Nf6 5. Nc3 g6 6. cxd5 Bg7 7. Bb5+ Nbd7 8. d6 O-O 9. dxe7 Qxe7+ 10. Nge2 a6 11. Bd3 b5 12. a3 Bb7 13. O-O Nb6 14. Bg5 Qd7 15. Rc1 Qg4 16. Ng3 Qxg5 17. f4 Qg4 18. Be2 Qd7 19. f5 Rad8 20. fxg6 hxg6 21. Kh1 Qxd4 22.
Qe1 Qh4 23. Qf2 Nbd5 24. Nxd5 Bxd5 25. Bf3 Ng4 26. Qg1 Bxf3 27. Rxf3 Rd2 28. h3 Ne5 29.
Rb3 Nc4 30. Rb4 Qxg3 0-1

[Event "*** SCC Grand Prix: Titled Tuesday Blitz"]
[Site "Chess.com"]
[Date "2020.08.25"]
[Round "6"]
[White "Zarinur"]
[Black "Logman74"]
[Result "0-1"]
[WhiteElo "2137"]
[BlackElo "2393"]
[TimeControl "180+1"]
[EndTime "11:07:01 PDT"]
[Termination "Logman74 won on time"]

1. e4 c5 2. Nf3 d6 3. Bb5+ Bd7 4.
Bxd7+ Qxd7 5. O-O Nc6 6. c3 Nf6 7. Re1 g6 8. d4 cxd4 9. cxd4 d5 10. e5 Ne4 11. Nbd2 Nxd2 12. Bxd2 Bg7 13. Bf4 O-O 14. Qd2 e6 15. Bh6 Rac8 16. Qf4 Qe7 17. Bg5 Qb4 18. Rab1 Na5 19. Bf6 Rc2 20. Qh4 Nc6 21.
Ng5 h5 22. Rbd1 Rd2 23. g4 Qxd4 24. Rxd2 Qxd2 25. Rf1 Qf4 26. Nh3 Qxg4+ 27. Qxg4 hxg4 28. Nf4 Nxe5 29. Bxg7 Kxg7 30. Kg2 d4 31. Kg3 Rd8 32. Rd1 d3 33. Ng2 d2 34. Ne3 f5 35.
Kf4 Nd3+ 36. Kg5 Nxf2 37. Rf1 Ne4+ 0-1